 Dungeon Crawl Stone Soup version 0.23.2 (webtiles) character file.

Game seed: 11046183349134910595

315532 Peloso the Hoplite (level 20, -7/193 HPs)
             Began as a Minotaur Fighter on Apr 2, 2019.
             Was the Champion of Okawaru.
             Killed from afar by a Brimstone Fiend (34 damage)
             ... with damnation
             ... summoned by a deep elf demonologist
             ... on level 3 of the Elven Halls.
             The game lasted 02:33:45 (50116 turns).

Peloso the Hoplite (Minotaur Fighter)              Turns: 50116, Time: 02:33:46

Health: -7/193     AC: 40    Str: 33    XL:     20   Next: 51%
Magic:  11/11      EV: 10    Int:  5    God:    Okawaru [******]
Gold:   3360       SH: 18    Dex: 11    Spells: 19/19 levels left

rFire    + . .     SeeInvis +   a - +8 autumn katana {slice, Clar}
rCold    + + .     Gourm    .   p - +0 shield
rNeg     . . .     Faith    +   l - +7 gold dragon scales
rPois    +         Spirit   .   Q - +1 hat {MR+}
rElec    +         Reflect  .   R - +2 cloak {rPois}
rCorr    .         Harm     .   K - +2 pair of gloves {archery}
MR       ++...     Clarity  +   E - +1 pair of boots {run} Stlth ..........Rnd*Tele +
                                i - amulet of faith
HPRegen  0.42/turn              h - ring "Zettaj" {rPois rC+ MP-9 Str+4}
MPRegen  0.12/turn              g - ring "Emuol" {rElec SInv}

@: about to teleport, very slightly contaminated, quick
A: retaliatory headbutt, horns 2, teleportitis 1
}: 2/15 runes: decaying, gossamer
a: Heroism, Finesse, Renounce Religion


You were on level 3 of the Elven Halls.
You worshipped Okawaru.
Okawaru was exalted by your worship.
You were not hungry.

You visited 8 branches of the dungeon, and saw 36 of its levels.
You visited the Abyss 2 times.
You also visited: Ice Cave.

You collected 4734 gold pieces.
You spent 1374 gold pieces at shops.

Inventory:

Hand Weapons
 a - the +8 autumn katana (weapon) {slice, Clar}
   (You found it on level 1 of the Swamp)

   It inflicts extra damage upon your enemies.
   It protects you against confusion.
 b - a +4 double sword of freezing
 c - the +8 falchion of the Extremes {slice, rC+ MR+}
   (You bought it in a shop on level 10 of the Dungeon)

   It inflicts extra damage upon your enemies.
   It protects you from cold.
   It affects your resistance to hostile enchantments.
 D - a +2 scimitar of flaming
Armour
 l - +7 gold dragon scales (worn)
 p - a +0 shield (worn)
 E - a +1 pair of boots of running (worn)
 K - a +2 pair of gloves of archery (worn)
 Q - a +1 hat of magic resistance (worn)
 R - a +2 cloak of poison resistance (worn)
 T - a +0 pair of boots of flying
Jewellery
 g - the ring "Emuol" (right hand) {rElec SInv}
   (You bought it in a shop on level 2 of the Orcish Mines)

   [ring of see invisible]

   It insulates you from electricity.
   It lets you see invisible.
 h - the ring "Zettaj" (left hand) {rPois rC+ MP-9 Str+4}
   (You found it on level 1 of the Swamp)

   [ring of poison resistance]

   It affects your strength (+4).
   It protects you from cold.
   It protects you from poison.
   It affects your magic capacity (-9).
 i - an amulet of faith (around neck)
 u - an uncursed ring of stealth
 G - the amulet of Wafocati {Spirit rPois rN+++ Dex-4 Stlth-}
   (You found it on level 1 of the Swamp)

   [amulet of guardian spirit]

   It causes incoming damage to be split between your health and magic.
   It affects your dexterity (-4).
   It protects you from poison.
   It renders you almost immune to negative energy.
   It makes you less stealthy.
 M - the amulet of Vonof {Acrobat rF+ MR+ Str+4}
   (You found it on level 1 of the Swamp)

   [amulet of the acrobat]

   It helps you evade while moving and waiting.
   It affects your strength (+4).
   It protects you from fire.
   It affects your resistance to hostile enchantments.
 V - the brooch of Shielding {Reflect SH+8}
   (You acquired it on level 3 of the Elven Halls)

   [amulet of reflection]

   It shields you and reflects attacks.
   It affects your SH (+8).
Wands
 s - a wand of digging (2)
Scrolls
 e - 8 scrolls of identify
 j - 28 scrolls of remove curse
 o - 3 scrolls of magic mapping
 q - 8 scrolls of teleportation
 v - 5 scrolls of blinking
 A - 6 scrolls of fear
 C - a scroll of summoning
 I - 2 scrolls of noise
Potions
 d - 2 potions of might
 k - 7 potions of haste
 m - 4 potions of heal wounds
 n - 5 potions of flight
 t - 11 potions of curing
 B - a potion of resistance
 N - 2 potions of berserk rage
 P - 6 potions of agility
Comestibles
 f - 65 rations
 r - 3 chunks of flesh


   Skills:
 + Level 19.9 Fighting
 + Level 20.4 Long Blades
 + Level 18.9 Armour
 + Level 6.0 Dodging
 + Level 2.0 Stealth
 + Level 24.1 Shields
 + Level 1.8 Invocations
 + Level 0.3 Evocations


You had 19 spell levels left.
You didn't know any spells.
Your spell library contained the following spells:

 Spells                   Type           Power        Failure   Level  Hunger
 Animate Skeleton         Necr           N/A          99%         1    ##.....
 Confusing Touch          Hex            #.....       99%         1    ##.....
 Freeze                   Ice            #...         99%         1    ##.....
 Pain                     Necr           #...         99%         1    ##.....
 Sandblast                Erth           #.....       99%         1    ##.....
 Summon Small Mammal      Summ           #...         99%         1    ##.....
 Passwall                 Tmut/Erth      #.......     100%        2    ###....
 Sublimation of Blood     Necr           #.........   100%        2    ###....
 Throw Frost              Conj/Ice       #.....       100%        2    ###....
 Confuse                  Hex            #.......     100%        3    ####...
 Gell's Gravitas          Tloc           #.........   100%        3    ####...
 Ozocubu's Armour         Chrm/Ice       #.......     100%        3    ####...
 Stone Arrow              Conj/Erth      #.....       100%        3    ####...
 Vampiric Draining        Necr           #.........   100%        3    ####...
 Animate Dead             Necr           N/A          100%        4    #####..
 Ice Form                 Ice/Tmut       #.......     100%        4    #####..
 Leda's Liquefaction      Hex/Erth       #.........   100%        4    #####..
 Olgreb's Toxic Radiance  Pois           #.......     100%        4    #####..
 Petrify                  Tmut/Erth      #.......     100%        4    #####..
 Summon Ice Beast         Ice/Summ       #.......     100%        4    #####..
 Summon Lightning Spire   Summ/Air       #.......     100%        4    #####..
 Throw Icicle             Conj/Ice       #.......     100%        4    #####..
 Agony                    Necr           #.......     100%        5    ######.
 Bolt of Draining         Conj/Necr      #.........   100%        5    ######.
 Bolt of Magma            Conj/Fire/Erth #.........   100%        5    ######.
 Lee's Rapid Deconstruct  Erth           #.........   100%        5    ######.
 Metabolic Englaciation   Hex/Ice        #.........   100%        5    ######.
 Silence                  Hex/Air        #.........   100%        5    ######.
 Venom Bolt               Conj/Pois      #.........   100%        5    ######.
 Yara's Violent Unravell  Hex/Tmut       #.........   100%        5    ######.
 Bolt of Cold             Conj/Ice       #.........   100%        6    #######
 Conjure Ball Lightning   Conj/Air       #.........   100%        6    #######
 Deflect Missiles         Chrm/Air       #.........   100%        6    #######
 Freezing Cloud           Conj/Ice/Air   #.........   100%        6    #######
 Iron Shot                Conj/Erth      #.........   100%        6    #######
 Ozocubu's Refrigeration  Ice            #.........   100%        6    #######
 Poison Arrow             Conj/Pois      #.........   100%        6    #######
 Simulacrum               Ice/Necr       #.........   100%        6    #######
 Statue Form              Tmut/Erth      #........    100%        6    #######
 Malign Gateway           Summ/Tloc      #.........   100%        7    #######
 Chain Lightning          Conj/Air       #.........   100%        8    #######
 Lehudib's Crystal Spear  Conj/Erth      #.........   100%        8    #######
 Fire Storm               Conj/Fire      #.........   100%        9    #######
 Glaciate                 Conj/Ice       #.........   100%        9    #######
 Shatter                  Erth           #.........   100%        9    #######
 Tornado                  Air            #.........   100%        9    #######


Dungeon Overview and Level Annotations

Branches:
Dungeon (15/15)            Temple (1/1) D:5            Lair (6/6) D:9
  Swamp (4/4) Lair:3       Spider (4/4) Lair:2        Slime (0/5) Lair:5
    Orc (2/2) D:9             Elf (3/3) Orc:2        Vaults (1/5) D:13
 Depths (0/5) D:15

Altars:
Ashenzari
Dithmenos
Elyvilon
Gozag
Hepliaklqana
Kikubaaqudgha
Makhleb
Nemelex Xobeh
Okawaru
Qazlal
Ru
Sif Muna
Trog
Uskayaw
Vehumet
Wu Jian
Xom
Yredelemnul
Zin
The Shining One
Beogh

Shops:
D:7 =   D:8 =   D:10 [=(:[   Orc:1 :   Orc:2 =?}((   Elf:1 *   Elf:2 [
Elf:3 }

Portals:
Trove: Elf:1 (give +4 shadow dragon scales)

Annotations:
D:7 2 transporters
D:12 exclusions: ice statue and obsidian statue


Innate Abilities, Weirdness & Mutations

You reflexively headbutt those who attack you in melee.
You have a pair of horns on your head.
You are occasionally teleported next to monsters.


Message History

Unknown command.
You slash the Brimstone Fiend! You headbutt the Brimstone Fiend!!
The Brimstone Fiend is heavily wounded.
You slice the Brimstone Fiend!!
The Brimstone Fiend is almost dead.
The Brimstone Fiend calls on the powers of darkness!
The deep elf demonologist convulses!
Your body is wracked with pain!
* * * LOW HITPOINT WARNING * * *
The deep elf knight convulses!
The deep elf demonologist casts a spell.
Okay, then.
Blink to where?
Press: ? - help, Dir - move target cursor You are very lightly contaminated with residual magic.
As you read the scroll of blinking, it crumbles to dust.
As you read the scroll of teleportation, it crumbles to dust.
You feel strangely unstable. The Brimstone Fiend gestures at you.
The sphere of damnation explodes!
The damnation engulfs you!!
You die...

.....#...............).....# #.#
######.....................# #.#
..................###......# #.#
.....#.....................# #.#
....#####'#########)....#### #.#
....# #.# #.###.# #.# ....#####.#
#.....#######.#
........#.#########.............#
##..............@....[..##.......
##...###...######.####..##..####.
###..# #.#..# #.# #..##..# #.
###.####'#### #(# ##'*##''####'
....##....## #.###............
....#......## #.##.............
............#####1##...[.[..[....
............!...#e##.............
............'(..#)##.............


You could see a Brimstone Fiend and a deep elf demonologist.

Vanquished Creatures
  Arachne (Spider:3)
  Rupert (Lair:3)
  Jorgrun (D:14)
  Asterion (Spider:4)
  2 deep elf master archers (Elf:3)
  2 deep elf blademasters
  6 thorn hunters
  Agnes (Elf:2)
  2 tentacled starspawn (Abyss:2)
  Donald (Spider:1)
  A deep elf sorcerer (Elf:3)
  4 ghost moths
  A frost giant (IceCv)
  3 emperor scorpions (Spider:4)
  Aizul (Elf:2)
  A cacodemon (Abyss:3)
  2 vault wardens (Vaults:1)
  3 deep elf elementalists (Elf:3)
  A very ugly thing (Swamp:1)
  A stone giant (Orc:2)
  3 entropy weavers
  7 ironheart preservers (Vaults:1)
  8 deep elf demonologists
  Azrael (Spider:1)
  2 spark wasps (Spider:4)
  11 deep elf annihilators (Elf:3)
  A purple draconian (Abyss:3)
  A red draconian (Abyss:2)
  9 deep elf death magi
  Josephine (D:13)
  A yaktaur captain (Vaults:1)
  3 deep elf high priests (Elf:3)
  A great orb of eyes (Vaults:1)
  A fire dragon (Lair:6)
  8 ogre magi
  Harold (D:11)
  A naga warrior (Abyss:3)
  An ice dragon (Vaults:1)
  27 hydras
  2 ghost crabs
  2 rakshasas
  5 centaur warriors
  4 shambling mangroves
  8 death yaks
  27 two-headed ogres
  14 alligators
  18 dancing weapons
  6 thrashing horrors (Abyss:2)
  3 tengu warriors
  A queen ant (Lair:3)
  A vampire mage (D:15)
  A spriggan (Swamp:3)
  An orc high priest (Elf:2)
  A spriggan berserker (Swamp:4)
  11 deep elf knights
  3 sixfirhies
  2 wretched stars (Abyss:2)
  A sun demon (Abyss:3)
  3 skeletal warriors
  2 spriggan druids
  A spatial maelstrom (Abyss:2)
  3 unseen horrors
  2 starcursed masses (Abyss:3)
  A golden dragon zombie (D:15)
  7 deep trolls
  12 swamp dragons
  11 deep elf archers
  4 orc knights
  Pikel (D:7)
  3 ironbrand convokers
  2 ugly things (D:13)
  26 wolf spiders
  25 orb spiders
  2 salamanders (Abyss:3)
  3 manticores
  A human zombie (Vaults:1)
  4 necromancers
  A worldbinder (Abyss:2)
  39 deep elf magi
  5 cyclopes
  A fire giant zombie (Vaults:1)
  2 orc sorcerers
  5 moths of wrath
  8 large abominations
  2 black mambas
  A guardian serpent (Abyss:3)
  An ice statue (IceCv)
  A frost giant skeleton (Vaults:1)
  5 vault sentinels (Vaults:1)
  5 gargoyles
  2 smoke demons
  An orange demon (Abyss:3)
  2 torpor snails
  A shock serpent skeleton (Abyss:2)
  A yaktaur zombie (D:15)
  7 spiny frogs
  A kobold demonologist (Abyss:2)
  12 demonic crawlers
  A redback zombie (D:13)
  5 komodo dragons
  An efreet (D:13)
  A freezing wraith (Vaults:1)
  8 yaktaurs
  2 hellwings
  A guardian mummy (Elf:1)
  4 rime drakes
  3 ancient zymes
  2 meliai (D:13)
  13 hornets
  15 trolls
  25 polar bears
  30 jumping spiders
  A hornet (shapeshifter) (Vaults:1)
  3 raiju
  17 blink frogs
  9 slime creatures
  Prince Ribbit (D:7)
  5 tyrant leeches
  A frost giant simulacrum (Vaults:1)
  A deep troll zombie (D:15)
  2 ice dragon zombies
  11 hippogriffs
  15 bog bodies
  A fire giant simulacrum (Vaults:1)
  A ynoxinul (Abyss:2)
  84 redbacks
  5 shadows
  35 tarantellas
  2 wyverns (D:13)
  Eustachio (D:4)
  4 basilisks
  7 fire elementals
  47 yaks
  A steam dragon (D:12)
  5 wraiths
  A hungry ghost (D:12)
  2 hogs (D:13)
  3 human simulacra (Vaults:1)
  18 vampire mosquitoes
  2 chaos spawn (Abyss:2)
  17 swamp worms
  7 wargs
  2 nagas (Abyss:3)
  Menkaure (D:7)
  A soldier ant (shapeshifter) (D:15)
  8 water moccasins
  An ogre skeleton (Vaults:1)
  21 soldier ants
  3 acid dragons (Lair:6)
  16 insubstantial wisps
  2 spatial vortices (Abyss:2)
  23 hell hounds
  8 porcupines
  3 ice beasts
  20 orc warriors
  12 black bears
  40 ogres
  A phantom (D:12)
  10 swamp drakes
  5 small abominations (Abyss:2)
  2 sky beasts (D:14)
  An ogre (shapeshifter) (Elf:1)
  38 wolves
  12 crocodiles
  20 centaurs
  A big kobold (D:11)
  12 bullfrogs
  A deep troll simulacrum (Vaults:1)
  An earth elemental (Elf:2)
  A human skeleton (Vaults:1)
  2 wyvern skeletons (D:11)
  A hornet simulacrum (Vaults:1)
  9 scorpions
  3 killer bees (D:11)
  13 wights
  6 electric eels
  2 howler monkeys (D:7)
  A bullfrog zombie (D:13)
  6 crimson imps
  11 hounds
  9 jellies
  3 bullfrog skeletons
  3 quasits
  8 centaur skeletons
  3 centaur zombies
  9 orc priests
  4 iron imps
  10 iguanas
  17 orc wizards
  31 worker ants
  A hound zombie (D:7)
  5 worker ant zombies
  A howler monkey zombie (D:9)
  A howler monkey skeleton (D:10)
  16 adders
  7 gnolls
  6 shadow imps
  An ufetubus (Abyss:2)
  10 oozes
  An adder skeleton (D:8)
  2 worms (D:4)
  5 dart slugs
  3 leopard geckos
  57 orcs
  2 ball pythons
  8 giant cockroaches
  10 goblins
  10 hobgoblins
  6 jackals
  2 quokkas
  6 bats
  5 frilled lizards
  11 kobolds
  A leopard gecko zombie (D:6)
  12 rats
  3 briar patches
  4 crawling corpses (Elf:3)
  4 fungi
  A plant (Lair:6)
  2 starspawn tentacles (Abyss:2)
1491 creatures vanquished.

Vanquished Creatures (others)
  Kirke (D:13)
  An alligator (Swamp:2)
  A demonic crawler (Spider:4)
  A hornet (Swamp:4)
  A tyrant leech (Swamp:1)
  A bog body (Swamp:1)
  A human (D:13)
  4 vampire mosquitoes (Swamp:1)
  4 fungi
  10 plants
  5 starspawn tentacles (Abyss:2)
30 creatures vanquished.

Grand Total: 1521 creatures vanquished

Notes
Turn   | Place    | Note
-------+----------+-------------------------------------------
     0 | D:1      | Peloso the Minotaur Fighter began the quest for the Orb.
     0 | D:1      | Reached XP level 1. HP: 19/19 MP: 0/0
   157 | D:1      | Reached XP level 2. HP: 23/27 MP: 1/1
   218 | D:1      | Reached skill level 4 in Shields
   348 | D:1      | Reached XP level 3. HP: 31/33 MP: 2/2
   988 | D:2      | Found a hazy altar of Hepliaklqana.
   990 | D:2      | Found an opulent altar of Gozag.
  1209 | D:2      | Reached XP level 4. HP: 40/40 MP: 3/3
  1995 | D:3      | Reached XP level 5. HP: 41/46 MP: 4/4
  2310 | D:4      | Noticed Eustachio
  2330 | D:4      | Killed Eustachio
  2330 | D:4      | Reached skill level 5 in Long Blades
  2330 | D:4      | Reached skill level 5 in Armour
  2330 | D:4      | Reached skill level 1 in Dodging
  2330 | D:4      | Reached skill level 5 in Shields
  2330 | D:4      | Reached XP level 6. HP: 17/52 MP: 5/5
  2612 | D:4      | Found a burning altar of Makhleb.
  2612 | D:4      | Found an ornate altar of the Wu Jian Council.
  3500 | D:4      | Found a sacrificial altar of Ru.
  3587 | D:4      | Reached XP level 7. HP: 57/60 MP: 6/6
  3778 | D:5      | Entered Level 5 of the Dungeon
  3785 | D:5      | Found a deep blue altar of Sif Muna.
  3788 | D:5      | Noticed a hippogriff
  3974 | D:5      | Killed a hippogriff
  3974 | D:5      | Reached skill level 6 in Shields
  4171 | D:5      | Found a staircase to the Ecumenical Temple.
  4213 | Temple   | Entered the Ecumenical Temple
  4257 | Temple   | Became a worshipper of Warmaster Okawaru
  4935 | D:5      | Reached XP level 8. HP: 61/67 MP: 7/7
  5107 | D:6      | Reached skill level 5 in Fighting
  5445 | D:6      | Reached * piety under Okawaru
  5720 | D:7      | Found a transporter.
  5736 | D:7      | Found a transporter.
  5745 | D:7      | Noticed a hippogriff
  5753 | D:7      | Killed a hippogriff
  5753 | D:7      | Reached skill level 7 in Shields
  6219 | D:7      | Noticed Pikel
  6233 | D:7      | Noticed Menkaure
  6240 | D:7      | Killed Pikel
  6240 | D:7      | Reached ** piety under Okawaru
  6240 | D:7      | Reached XP level 9. HP: 75/75 MP: 8/8
  6246 | D:7      | Killed Menkaure
  6246 | D:7      | Reached skill level 8 in Shields
  6268 | D:7      | Found Fejeivih's Jewellery Shoppe.
  6286 | D:7      | Noticed Prince Ribbit
  6308 | D:7      | Killed Prince Ribbit
  6308 | D:7      | Reached skill level 10 in Long Blades
  6693 | D:8      | Reached *** piety under Okawaru
  6888 | D:8      | Reached skill level 9 in Shields
  6968 | D:8      | Found Wuga's Jewellery Shop.
  7011 | D:8      | Bought a cursed ring of teleportation for 63 gold pieces
  7603 | D:9      | Reached **** piety under Okawaru
  7638 | D:9      | Reached XP level 10. HP: 82/84 MP: 9/9
  7762 | D:9      | Found a staircase to the Orcish Mines.
  7867 | D:9      | Reached ***** piety under Okawaru
  7871 | D:9      | Found a staircase to the Lair.
  8448 | D:9      | Reached skill level 10 in Armour
  8713 | D:9      | Reached skill level 1 in Invocations
  8810 | D:10     | Entered Level 10 of the Dungeon
  8841 | D:10     | Found Bicecogegh's Antique Armour Emporium.
  8897 | D:10     | Found Qoggainu's Jewellery Boutique.
  8912 | D:10     | Bought a cursed amulet of inaccuracy for 24 gold pieces
  8963 | D:10     | Reached skill level 10 in Shields
  9066 | D:10     | Found a stormy altar of Qazlal.
  9226 | D:10     | Found Zoconox's Book Shop.
  9245 | D:10     | Found Pueh's Antique Weapon Shop.
  9265 | D:10     | Bought a polished falchion for 176 gold pieces
  9266 | D:10     | Identified the +8 falchion of the Extremes {slice, rC+ MR+}
                  | (You bought it in a shop on level 10 of the Dungeon)
  9296 | D:10     | Found Hanagil's Antique Armour Emporium.
  9559 | D:11     | Reached XP level 11. HP: 80/94 MP: 10/10
  9721 | D:11     | Noticed Harold
  9751 | D:11     | Killed Harold
  9751 | D:11     | Received a gift from Okawaru
 10312 | D:12     | Reached ****** piety under Okawaru
 10318 | D:12     | Reached skill level 11 in Shields
 10366 | D:12     | Noticed a two-headed ogre
 10374 | D:12     | Killed a two-headed ogre
 10388 | D:12     | Noticed a seven-headed hydra
 10836 | D:12     | Noticed an obsidian statue
 11059 | D:13     | Noticed Josephine
 11094 | D:13     | Killed Josephine
 11094 | D:13     | Received a gift from Okawaru
 11165 | D:13     | Reached skill level 10 in Fighting
 11200 | D:13     | Noticed a red ugly thing
 11218 | D:13     | Killed a red ugly thing
 11226 | D:13     | Reached XP level 12. HP: 97/106 MP: 11/11
 11293 | D:13     | Noticed a centaur warrior
 11301 | D:13     | Reached skill level 12 in Shields
 11314 | D:13     | Killed a centaur warrior
 11403 | D:13     | Noticed a centaur warrior
 11422 | D:13     | Killed a centaur warrior
 11590 | D:13     | Identified the Handbook of Glacial Necromancy
 11594 | D:13     | Found a shimmering altar of Xom.
 11599 | D:13     | Identified the Tome of Unholy Poison
 11606 | D:13     | Noticed a tengu warrior
 11654 | D:13     | Killed a tengu warrior
 12085 | D:13     | Received a gift from Okawaru
 12093 | D:13     | Noticed a two-headed ogre
 12108 | D:13     | Killed a two-headed ogre
 12123 | D:13     | Noticed Kirke
 12134 | D:13     | Killed Kirke
 12155 | D:13     | Noticed a centaur warrior
 12156 | D:13     | Noticed a two-headed ogre
 12329 | D:13     | Killed a two-headed ogre
 12329 | D:13     | Reached skill level 15 in Long Blades
 12329 | D:13     | Reached skill level 13 in Shields
 12367 | D:13     | Noticed an ogre mage
 12382 | D:13     | Killed an ogre mage
 12403 | D:13     | Killed a centaur warrior
 12403 | D:13     | Reached XP level 13. HP: 34/116 MP: 12/12
 12631 | D:13     | Found a gate to the Vaults.
 13995 | Lair:1   | Entered Level 1 of the Lair of Beasts
 14003 | Lair:1   | Received a gift from Okawaru
 14773 | Lair:2   | Found a frozen archway.
 14788 | Lair:2   | Reached skill level 1 in Stealth
 14830 | IceCv    | Entered an ice cave
 15249 | IceCv    | Noticed a frost giant
 15274 | IceCv    | Reached skill level 14 in Shields
 15287 | IceCv    | Killed a frost giant
 15308 | IceCv    | Reached skill level 5 in Dodging
 15671 | Lair:2   | Found a hole to the Spider Nest.
 16333 | Lair:3   | Noticed Rupert
 16359 | Lair:3   | Killed Rupert
 16359 | Lair:3   | Received a gift from Okawaru
 16615 | Lair:3   | Reached XP level 14. HP: 127/127 MP: 14/14
 17064 | Lair:3   | Found a staircase to the Swamp.
 17332 | Lair:4   | Received a gift from Okawaru
 17351 | Lair:4   | Got a transparent quick blade {god gift}
 17352 | Lair:4   | Identified the +9 quick blade of Ravage {flame, *Contam
                  | +Inv Dex+3 Stlth+} (Okawaru gifted it to you on level 4 of
                  | the Lair of Beasts)
 17480 | Lair:4   | Got a dazzling plate armour
 17491 | Lair:4   | Identified the +4 plate armour of Grace {-Tele Regen+
                  | Dex+4} (You found it on level 4 of the Lair of Beasts)
 18371 | Lair:5   | Reached skill level 15 in Shields
 18852 | Lair:5   | Received a gift from Okawaru
 18870 | Lair:5   | Identified a +1 pair of boots of running (Okawaru gifted it
                  | to you on level 5 of the Lair of Beasts)
 19002 | Lair:5   | Found a staircase to the Slime Pits.
 19285 | Lair:6   | Entered Level 6 of the Lair of Beasts
 19699 | Lair:6   | Reached skill level 16 in Shields
 20035 | Lair:6   | Reached XP level 15. HP: 138/138 MP: 15/15
 21200 | Lair:1   | Identified 4 scrolls of acquirement
 21356 | Orc:1    | Entered Level 1 of the Orcish Mines
 21361 | Orc:1    | Found Naj Uciun's Book Shop.
 21704 | Orc:2    | Entered Level 2 of the Orcish Mines
 21848 | Orc:2    | Received a gift from Okawaru
 21862 | Orc:2    | Found Pugufeil's Weapon Emporium.
 21879 | Orc:2    | Found Editioxi's Antique Weapon Shop.
 21990 | Orc:1    | Reached skill level 17 in Shields
 22312 | Orc:2    | Found Zedd's Gadget Shoppe.
 22318 | Orc:2    | Found Wetzar's Magic Scroll Boutique.
 22318 | Orc:2    | Found a staircase to the Elven Halls.
 22319 | Orc:2    | Found Ajaiz's Jewellery Boutique.
 22346 | Orc:2    | Bought a scroll of teleportation for 36 gold pieces
 22346 | Orc:2    | Bought a scroll of identify for 24 gold pieces
 22603 | Orc:2    | Found a roughly hewn altar of Beogh.
 22723 | Orc:1    | Found a roughly hewn altar of Beogh.
 23548 | Orc:2    | Bought the ring "Emuol" {rElec SInv} for 406 gold pieces
 23548 | Orc:2    | Bought an uncursed amulet of faith for 560 gold pieces
 23685 | D:14     | Reached skill level 15 in Armour
 23688 | D:14     | You fall through a shaft!
 23688 | D:15     | Entered Level 15 of the Dungeon
 23749 | D:14     | Received a gift from Okawaru
 24044 | D:14     | Noticed Jorgrun
 24068 | D:14     | Killed Jorgrun
 24627 | D:15     | Found a staircase to the Depths.
 24663 | D:15     | HP: 6/139 [vampire mage/vampiric draining (22)]
 24668 | D:15     | Reached skill level 18 in Shields
 25036 | D:15     | Reached skill level 15 in Fighting
 26114 | Elf:1    | Entered Level 1 of the Elven Halls
 26178 | Elf:1    | Noticed a Hell Sentinel
 26478 | Elf:1    | Identified the Compendium of Summoning
 26521 | Elf:1    | Found a portal to a secret trove of treasure.
 26824 | Elf:1    | Found Kahah's General Store.
 26829 | Elf:1    | Received a gift from Okawaru
 26848 | Elf:1    | Bought a potion of heal wounds for 85 gold pieces
 27135 | Elf:2    | Reached XP level 16. HP: 149/149 MP: 16/16
 27723 | Elf:2    | Noticed an Ice Fiend
 28561 | Elf:2    | Found Teinifud's Antique Armour Emporium.
 28631 | Elf:2    | Noticed Agnes
 28645 | Elf:2    | Killed Agnes
 28876 | Elf:2    | Received a gift from Okawaru
 29146 | Elf:2    | Found a runed translucent gate.
 29146 | Elf:2    | Found a runed translucent gate.
 29148 | Elf:2    | Found a runed translucent gate.
 29259 | Elf:2    | Reached skill level 19 in Shields
 29579 | Elf:2    | Got a pair of brightly glowing gloves {god gift}
 29590 | Elf:2    | Identified the +2 pair of gloves of the Wilderness {+Blink
                  | rF+ Str+3 Dex-3} (Okawaru gifted it to you on level 2 of
                  | the Elven Halls)
 29964 | Swamp:1  | Entered Level 1 of the Swamp
 30229 | Swamp:1  | Found a transporter.
 30483 | Swamp:1  | Found a transporter.
 31530 | Swamp:1  | Found the +8 autumn katana {slice, Clar}
 31541 | Swamp:1  | Got a clouded silver ring
 31544 | Swamp:1  | Got a flickering emerald amulet
 31553 | Swamp:1  | Got a crude steel amulet
 31605 | Swamp:1  | Identified the amulet of Wafocati {Spirit rPois rN+++ Dex-4
                  | Stlth-} (You found it on level 1 of the Swamp)
 31606 | Swamp:1  | Identified the amulet of Vonof {Acrobat rF+ MR+ Str+4} (You
                  | found it on level 1 of the Swamp)
 31607 | Swamp:1  | Identified the ring "Zettaj" {rPois rC+ MP-9 Str+4} (You
                  | found it on level 1 of the Swamp)
 31712 | Swamp:2  | Received a gift from Okawaru
 31952 | Swamp:2  | Noticed a thorn hunter
 32790 | Swamp:2  | Killed a thorn hunter
 32931 | Spider:1 | Entered Level 1 of the Spider Nest
 33578 | Lair:2   | Reached XP level 17. HP: 142/158 MP: 8/17
 33670 | Spider:1 | Noticed Azrael
 33684 | Spider:1 | Killed Azrael
 33684 | Spider:1 | Reached skill level 20 in Shields
 33691 | Spider:1 | Received a gift from Okawaru
 33795 | Spider:1 | Noticed Donald
 33825 | Spider:1 | Killed Donald
 34549 | Spider:2 | Received a gift from Okawaru
 34552 | Spider:2 | Got a steaming scimitar {god gift}
 34553 | Spider:2 | Identified the +0 scimitar of Idedgha {antimagic, *Drain
                  | rF+++ rC- Stlth+} (Okawaru gifted it to you on level 2 of
                  | the Spider Nest)
 35946 | Spider:3 | Received a gift from Okawaru
 37391 | Spider:4 | Entered Level 4 of the Spider Nest
 37399 | Spider:4 | Noticed Arachne
 37427 | Spider:3 | Killed Arachne
 37705 | Spider:4 | Noticed Asterion
 37713 | Spider:4 | Killed Asterion
 38244 | Spider:4 | Reached skill level 21 in Shields
 38447 | Spider:4 | Received a gift from Okawaru
 38702 | Spider:4 | Reached XP level 18. HP: 117/170 MP: 9/18
 39387 | Spider:4 | Got a gossamer rune of Zot
 40103 | Swamp:3  | Received a gift from Okawaru
 40554 | Swamp:4  | Entered Level 4 of the Swamp
 41159 | Swamp:4  | Reached skill level 22 in Shields
 41989 | Swamp:4  | Received a gift from Okawaru
 42138 | Swamp:4  | Got a decaying rune of Zot
 42163 | Swamp:4  | Got a slimy plate armour
 42174 | Swamp:4  | Identified the +4 plate armour "Locutep" {rElec rC- MR+
                  | Str+4} (You found it on level 4 of the Swamp)
 42689 | Vaults:1 | Entered Level 1 of the Vaults
 42827 | Vaults:1 | Paralysed by a great orb of eyes for 3 turns
 43061 | Vaults:1 | Reached XP level 19. HP: 168/180 MP: 10/19
 44252 | Vaults:1 | Received a gift from Okawaru
 45042 | Vaults:1 | Reached skill level 23 in Shields
 45964 | Elf:2    | Cast into level 2 of the Abyss (+0 glaive of distortion)
 46531 | Abyss:3  | Received a gift from Okawaru
 46538 | Elf:2    | Escaped the Abyss
 46677 | Elf:2    | Cast into level 2 of the Abyss (+0 glaive of distortion)
 47031 | Elf:2    | Escaped the Abyss
 47259 | Elf:2    | Noticed Aizul
 47271 | Elf:2    | Killed Aizul
 47295 | Elf:2    | Reached XP level 20. HP: 127/191 MP: 11/20
 47543 | Elf:3    | Entered Level 3 of the Elven Halls
 47548 | Elf:3    | Got a distressingly furry chain mail
 47563 | Elf:3    | Received a gift from Okawaru
 47616 | Elf:3    | Found the brooch of Shielding {Reflect SH+8}
 47740 | Elf:3    | Found Zuoteag's Gadget Shop.
 48447 | Elf:3    | Received a gift from Okawaru
 48457 | Elf:3    | Got a pair of crude gloves {god gift}
 48491 | Elf:3    | Reached skill level 24 in Shields
 48873 | Elf:2    | Identified the +2 chain mail "Vorajocir" {rElec} (You found
                  | it on level 3 of the Elven Halls)
 48883 | Elf:2    | Identified the -2 pair of gloves of Xahoteawn {rN++}
                  | (Okawaru gifted it to you on level 3 of the Elven Halls)
 50044 | Elf:3    | Gained mutation: You are occasionally teleported next to
                  | monsters. [a cacodemon]
 50116 | Elf:3    | Killed from afar by a Brimstone Fiend

Skill      XL: |  1  2  3  4  5  6  7  8  9 10 11 12 13 14 15 16 17 18 19 20 |
---------------+-------------------------------------------------------------+-----
Armour         | 4 5 6 7 8 10 12 13 14 15 16 17 18 | 18.9
Shields        | 4 5 6 7 9 10 11 13 14 16 18 19 21 22 23 24 | 24.1
Fighting       | 4 5 6 8 10 11 12 14 15 16 17 18 19 | 19.9
Long Blades    | 3 4 5 6 7 9 10 12 13 15 16 17 18 19 20 | 20.4
Dodging        | 1 2 3 4 5 6 |  6.0
Invocations    | 1 |  1.8
Stealth        | 1 2 |  2.0
Evocations     | |  0.3

Action                   |  1- 3 |  4- 6 |  7- 9 | 10-12 | 13-15 | 16-18 | 19-21 || total
-------------------------+-------+-------+-------+-------+-------+-------+-------++-------
Melee: Long sword        |   118 |   152 |   303 |       |       |       |       ||   573
       Headbutt          |    25 |    20 |    84 |   152 |   518 |   421 |   223 ||  1443
       Scimitar          |       |       |    80 |   209 |    40 |   303 |       ||   632
       Falchion          |       |       |       |   455 |  1706 |   504 |    32 ||  2697
       Katana            |       |       |       |       |       |   875 |   732 ||  1607
       Double sword      |       |       |       |       |       |    10 |       ||    10
Invok: Heroism           |       |       |       |     4 |     1 |     2 |     3 ||    10
Evoke: Wand              |       |       |     2 |     3 |     3 |     1 |       ||     9
  Use: Scroll            |       |     4 |     5 |    15 |    13 |    15 |     7 ||    59
       Potion            |       |     1 |       |       |     4 |     5 |     2 ||    12
 Stab: Distracted        |       |       |       |       |       |     1 |       ||     1
  Eat: Chunk             |     1 |     8 |    10 |    13 |    30 |    30 |    22 ||   114
       Ration            |       |       |     1 |     1 |     5 |     6 |       ||    13
Armor: Scale mail        |     2 |       |       |       |       |       |       ||     2
       Chain mail        |    67 |   105 |   154 |    14 |   127 |       |       ||   467
       Plate armour      |       |       |       |   234 |   495 |       |       ||   729
       Gold dragon scale |       |       |       |       |   151 |  1239 |   363 ||  1753
Dodge: Dodged            |    29 |    39 |   103 |   177 |   589 |   584 |   216 ||  1737
Block: Shield            |    62 |   102 |   214 |   363 |  1230 |  1646 |   631 ||  4248
       Rpst.: Long sword |     6 |     8 |    23 |       |       |       |       ||    37
       Scimitar          |       |       |     4 |    12 |     4 |    22 |       ||    42
       Falchion          |       |       |       |    25 |   109 |    30 |     2 ||   166
       Katana            |       |       |       |       |       |    71 |    42 ||   113
